[Event "83rd ESP-ch Women-ch 2018"]
[Site "Linares"]
[Date "2018.08.20"]
[Round "1"]
[White "Santos Latasa, Jaime"]
[Black "Gil Quilez, Sonia"]
[Result "1-0"]
[WhiteElo "2582"]
[BlackElo "2066"]
[ECO "D11"]
[Opening "QGD Slav"]
[Variation "4.e3"]
[TimeControl "40/5400+30:1800+30"]
[Annotator "ChessBase"]
[EventDate "2018.08.09"]
[PlyCount "85"]
[EventType "tourn"]
[EventCountry "ESP"]

1. d4 d5 2. c4 c6 3. Nf3 Nf6 4. e3 e6 5. b3 Nbd7 6. Bb2 Ne4 7. Bd3 Bd6 8.
O-O O-O 9. Qc2 f5 10. Ba3 Qe7 11. Bxd6 Qxd6 12. Nc3 Rf6 13. Qb2 Rh6 14. g3
Qe7 15. Ne2 Ndf6 16. Ne5 Bd7 17. f3 Ng5 18. Rac1 Nf7 19. c5 g5 20. b4 g4
21. f4 Nxe5 22. dxe5 Ne4 23. Nd4 Rh3 24. Bxe4 fxe4 25. Qe2 Qg7 26. a4 h5
27. Rf2 h4 28. Rg2 hxg3 29. Rxg3 Rxg3+ 30. hxg3 Kf7 31. b5 Rh8 32. Rb1 Rh3
33. bxc6 Rxg3+ 34. Kf2 Rf3+ 35. Ke1 bxc6 36. Rb7 Qh6 37. Rxd7+ Ke8 38. Rd6
Qh4+ 39. Kd1 Rf2 40. Rxe6+ Kf8 41. Rh6 Rxe2 42. Rxh4 Rxe3 43. Nf5 1-0

[Event "83rd ESP-ch Women-ch 2018"]
[Site "Linares"]
[Date "2018.08.20"]
[Round "1"]
[White "Santos Ruiz, Miguel"]
[Black "Fernandez Montero, Francisco Manuel"]
[Result "1-0"]
[WhiteElo "2517"]
[BlackElo "2046"]
[ECO "A96"]
[Opening "Dutch"]
[Variation "classical variation"]
[TimeControl "40/5400+30:1800+30"]
[Annotator "ChessBase"]
[EventDate "2018.08.09"]
[PlyCount "41"]
[EventType "tourn"]
[EventCountry "ESP"]

1. d4 f5 2. Nf3 d6 3. g3 e6 4. Bg2 Nf6 5. O-O Be7 6. c4 O-O 7. Nc3 Ne4 8.
Nxe4 fxe4 9. Nd2 d5 10. f3 c5 11. fxe4 Rxf1+ 12. Qxf1 dxe4 13. dxc5 Na6 14.
Nxe4 Nxc5 15. Be3 Qc7 16. Nxc5 Bxc5 17. Bxc5 Qxc5+ 18. Qf2 Qxf2+ 19. Kxf2
Bd7 20. Rd1 Be8 21. Rd6 1-0

[Event "83rd ESP-ch Women-ch 2018"]
[Site "Linares"]
[Date "2018.08.20"]
[Round "1"]
[White "Arizmendi Martinez, Julen Luis"]
[Black "Vergara Anton, Diego"]
[Result "1-0"]
[WhiteElo "2507"]
[BlackElo "2022"]
[ECO "C07"]
[Opening "French"]
[Variation "Tarrasch, Eliskases variation"]
[TimeControl "40/5400+30:1800+30"]
[Annotator "ChessBase"]
[EventDate "2018.08.09"]
[PlyCount "61"]
[EventType "tourn"]
[EventCountry "ESP"]

1. e4 e6 2. d4 d5 3. Nd2 c5 4. Ngf3 cxd4 5. exd5 Qxd5 6. Bc4 Qd8 7. O-O Nc6
8. Nb3 a6 9. Qe2 Bd6 10. Rd1 Nge7 11. Nbxd4 Nxd4 12. Rxd4 Qc7 13. Bd3 Ng6
14. h4 Bd7 15. h5 Ne5 16. h6 Nxf3+ 17. Qxf3 gxh6 18. Bxh6 Bc6 19. Be4 Bxe4
20. Qxe4 Bc5 21. Rd3 Rg8 22. Qxh7 Bxf2+ 23. Kxf2 Qxc2+ 24. Bd2 Qc5+ 25. Be3
Qc2+ 26. Bd2 Qc5+ 27. Kf1 Qf5+ 28. Qxf5 exf5 29. Re1+ Kf8 30. Bh6+ Rg7 31.
Rg3 1-0

[Event "83rd ESP-ch Women-ch 2018"]
[Site "Linares"]
[Date "2018.08.20"]
[Round "1"]
[White "Huerga Leache, Mikel"]
[Black "Comellas Martos, Lidia"]
[Result "1/2-1/2"]
[WhiteElo "2451"]
[BlackElo "2001"]
[ECO "B10"]
[Opening "Caro-Kann"]
[Variation "anti-anti-Caro-Kann defence"]
[TimeControl "40/5400+30:1800+30"]
[Annotator "ChessBase"]
[EventDate "2018.08.09"]
[PlyCount "59"]
[EventType "tourn"]
[EventCountry "ESP"]

1. e4 c6 2. c4 d5 3. exd5 cxd5 4. cxd5 Nf6 5. Qa4+ Nbd7 6. Nc3 g6 7. Bc4
Bg7 8. Nf3 O-O 9. d3 Nc5 10. Qa3 b6 11. O-O Bb7 12. b4 Ncd7 13. Be3 a6 14.
Rac1 b5 15. Bb3 Nb6 16. Bxb6 Qxb6 17. Rfe1 Rfe8 18. Ne5 Qd6 19. Nc6 Rac8
20. Na5 Bxd5 21. Nxd5 Nxd5 22. Bxd5 Qxd5 23. Rxc8 Rxc8 24. Nb3 Qxd3 25.
Qxa6 Rc2 26. Qa8+ Bf8 27. g3 e6 28. Re3 Qc4 29. Re4 Qd3 30. Re3 1/2-1/2

[Event "83rd ESP-ch Women-ch 2018"]
[Site "Linares"]
[Date "2018.08.20"]
[Round "1"]
[White "Garriga Cazorla, Pere"]
[Black "Rios Gallardo, Guillermo"]
[Result "1-0"]
[WhiteElo "2444"]
[BlackElo "1992"]
[ECO "E06"]
[Opening "Catalan"]
[Variation "closed, 5.Nf3"]
[TimeControl "40/5400+30:1800+30"]
[Annotator "NA"]
[EventDate "2018.08.09"]
[PlyCount "81"]
[EventType "tourn"]
[EventCountry "ESP"]

1. d4 Nf6 2. c4 e6 3. g3 d5 4. Bg2 Be7 5. Nf3 O-O 6. O-O b6 7. cxd5 exd5 8.
Nc3 Bb7 9. Ne5 Nbd7 10. Qa4 Nxe5 11. dxe5 Nd7 12. Nxd5 Nc5 13. Qd1 c6 14.
Nc3 Qc7 15. f4 Rad8 16. Qc2 Ne6 17. Be3 c5 18. Bxb7 Qxb7 19. Qe4 Qxe4 20.
Nxe4 Nd4 21. Kf2 f6 22. exf6 Bxf6 23. Rad1 Kf7 24. b3 Rfe8 25. Bxd4 cxd4
26. Kf3 Re6 27. f5 Rc6 28. Rd2 Be5 29. e3 d3 30. Rfd1 Rc2 31. Nf2 Bc3 32.
Rxd3 Rxd3 33. Rxd3 Be1 34. Ng4 Rxa2 35. Rd7+ Kf8 36. Ke4 Bc3 37. Rc7 h5 38.
Ne5 Bxe5 39. Kxe5 b5 40. Rb7 h4 41. gxh4 1-0

[Event "83rd ESP-ch Women-ch 2018"]
[Site "Linares"]
[Date "2018.08.20"]
[Round "1"]
[White "Ladron de Guevara Pinto, Paolo"]
[Black "Sobrino Forte, Alvaro"]
[Result "1-0"]
[WhiteElo "2424"]
[BlackElo "1984"]
[ECO "B20"]
[Opening "Sicilian defence"]
[TimeControl "40/5400+30:1800+30"]
[Annotator "RC"]
[EventDate "2018.08.09"]
[PlyCount "101"]
[EventType "tourn"]
[EventCountry "ESP"]

1. e4 c5 2. b3 g6 3. Bb2 Nf6 4. h4 Bg7 5. e5 Nd5 6. Qf3 Nb4 7. Na3 O-O 8.
h5 d5 9. Qg3 Bf5 10. c3 N4c6 11. f4 f6 12. exf6 exf6 13. O-O-O Qc7 14. Bd3
Bxd3 15. Qxd3 Qf7 16. hxg6 hxg6 17. Nf3 Nd7 18. Nb5 c4 19. Qb1 Nc5 20. Nd6
Nd3+ 21. Qxd3 cxd3 22. Nxf7 Kxf7 23. Ne1 Rac8 24. Nxd3 Nd4 25. Rde1 Nf5 26.
g4 Ng3 27. Rh3 Ne4 28. f5 gxf5 29. gxf5 Rh8 30. Reh1 Rxh3 31. Rxh3 Nd6 32.
Nf4 d4 33. c4 Nxf5 34. Rh5 Ng3 35. Rd5 Rc7 36. Rxd4 Bh6 37. Kd1 Nf5 38. Rd5
Bxf4 39. Rxf5 Bg5 40. d4 Kg6 41. Rf3 Rh7 42. Ke2 f5 43. d5 f4 44. d6 Kf5
45. Bd4 b6 46. b4 Ke4 47. Bf2 Rh1 48. Rd3 Rc1 49. Rd4+ Ke5 50. Rd5+ Kf6 51.
Rxg5 1-0

[Event "83rd ESP-ch Women-ch 2018"]
[Site "Linares"]
[Date "2018.08.20"]
[Round "1"]
[White "Tejedor Fuente, Enrique"]
[Black "Ruiz Casado, Francisco Javier"]
[Result "1-0"]
[WhiteElo "2408"]
[BlackElo "1975"]
[ECO "B06"]
[Opening "Robatsch defence"]
[TimeControl "40/5400+30:1800+30"]
[Annotator "ChessBase"]
[EventDate "2018.08.09"]
[PlyCount "89"]
[EventType "tourn"]
[EventCountry "ESP"]

1. e4 g6 2. d4 Bg7 3. Nc3 d5 4. Nxd5 c6 5. Ne3 Qxd4 6. Bd3 Nf6 7. Ne2 Qd8
8. O-O Nbd7 9. f4 Nc5 10. e5 Nd5 11. Bc4 Nxe3 12. Qxd8+ Kxd8 13. Bxe3 Be6
14. Rad1+ Kc7 15. Bxe6 Nxe6 16. f5 gxf5 17. Rxf5 f6 18. Ng3 fxe5 19. Nh5
Rhf8 20. Nxg7 Nxg7 21. Rxe5 Rae8 22. a4 Rf5 23. Bd4 b6 24. Re4 Rg5 25. h4
Rg6 26. Be5+ Kb7 27. Rd7+ Ka6 28. b4 Nf5 29. h5 Rg5 30. Bf4 Rg7 31. Re5 e6
32. b5+ cxb5 33. axb5+ Ka5 34. Rd1 Kb4 35. Bd2+ Kc4 36. Rb1 Kd4 37. Rbe1
Rg4 38. Rxf5 Reg8 39. Rf4+ Rxf4 40. Bxf4 Rf8 41. Bh6 Rf5 42. Bg7+ Kd5 43.
h6 e5 44. g4 Rg5 45. Kf2 1-0

[Event "83rd ESP-ch Women-ch 2018"]
[Site "Linares"]
[Date "2018.08.20"]
[Round "1"]
[White "Suarez Uriel, Adrian"]
[Black "Antunez Munoz, Ines"]
[Result "1-0"]
[WhiteElo "2391"]
[BlackElo "1956"]
[ECO "B29"]
[Opening "Sicilian"]
[Variation "Nimzovich-Rubinstein variation"]
[TimeControl "40/5400+30:1800+30"]
[Annotator "NA"]
[EventDate "2018.08.09"]
[PlyCount "65"]
[EventType "tourn"]
[EventCountry "ESP"]

1. e4 c5 2. Nf3 Nf6 3. Nc3 d5 4. exd5 Nxd5 5. Bb5+ Bd7 6. Ne5 Bxb5 7. Qf3
f6 8. Nxb5 Na6 9. Qh5+ g6 10. Nxg6 hxg6 11. Qxh8 Qd7 12. Nc3 Qe6+ 13. Kf1
Nab4 14. Qh4 Qa6+ 15. Kg1 Nxc3 16. bxc3 Nxc2 17. Rb1 Qxa2 18. Rb2 Qe6 19.
h3 Ne1 20. Kh2 Nd3 21. Rxb7 Qd5 22. Rb1 Bg7 23. c4 Qf5 24. Rb3 Kf7 25. Qg3
Rd8 26. Qe3 Nf4 27. Re1 Rd7 28. d4 Bh6 29. d5 Kg7 30. Qe4 Qg5 31. Rg3 Qh4
32. Bxf4 Bxf4 33. Qxg6+ 1-0

[Event "83rd ESP-ch Women-ch 2018"]
[Site "Linares"]
[Date "2018.08.20"]
[Round "1"]
[White "Matnadze, Ana"]
[Black "Rodriguez del Cerro, Ricardo"]
[Result "1-0"]
[WhiteElo "2378"]
[BlackElo "1953"]
[ECO "E17"]
[Opening "Queen's Indian"]
[Variation "old main line, 6.O-O"]
[TimeControl "40/5400+30:1800+30"]
[Annotator "NA"]
[EventDate "2018.08.09"]
[PlyCount "73"]
[EventType "tourn"]
[EventCountry "ESP"]

1. d4 Nf6 2. Nf3 e6 3. c4 b6 4. g3 Bb7 5. Bg2 Be7 6. O-O O-O 7. d5 exd5 8.
Nh4 c6 9. cxd5 Nxd5 10. Nf5 Nc7 11. e4 d5 12. Re1 Bf6 13. e5 Be7 14. Qg4 g6
15. Nxe7+ Qxe7 16. Bh6 Re8 17. Nd2 Ne6 18. Nf3 Nd7 19. Rac1 Kh8 20. Ng5
Nxg5 21. Bxg5 f6 22. e6 fxg5 23. exd7 Qxe1+ 24. Rxe1 Rxe1+ 25. Bf1 Rd8 26.
Qb4 Re6 27. Bh3 c5 28. Qd2 Re5 29. b4 Kg8 30. bxc5 Kf7 31. f4 Rf5 32. Bxf5
gxf5 33. Qc2 bxc5 34. Qxf5+ Ke7 35. Qxh7+ Kd6 36. fxg5 Rxd7 37. g6 1-0

[Event "83rd ESP-ch Women-ch 2018"]
[Site "Linares"]
[Date "2018.08.20"]
[Round "1"]
[White "Bernabeu Lopez, Carlos Javier"]
[Black "Burgos Olmos, Mario"]
[Result "1-0"]
[WhiteElo "2360"]
[BlackElo "1916"]
[ECO "B51"]
[Opening "Sicilian"]
[Variation "Canal-Sokolsky (Nimzovich-Rossolimo, Moscow) attack"]
[TimeControl "40/5400+30:1800+30"]
[Annotator "NA"]
[EventDate "2018.08.09"]
[PlyCount "79"]
[EventType "tourn"]
[EventCountry "ESP"]

1. e4 c5 2. Nf3 d6 3. Bb5+ Nd7 4. O-O a6 5. Bd3 Ngf6 6. c3 g6 7. Bc2 Bg7 8.
d4 Qc7 9. Re1 e5 10. a4 O-O 11. a5 Nh5 12. d5 b5 13. axb6 Nxb6 14. Nbd2 c4
15. Nf1 Bd7 16. Bg5 Bb5 17. Qd2 Nd7 18. Ng3 Nxg3 19. hxg3 Nc5 20. Ra2 Rab8
21. Be3 Rb7 22. g4 Rfb8 23. g5 Bf8 24. Nh2 Bd7 25. Rb1 a5 26. Qe2 a4 27.
Bxc5 Qxc5 28. Bxa4 Ra7 29. Rba1 Rba8 30. Qc2 Be7 31. Ra3 Rxa4 32. Rxa4 Rxa4
33. Rxa4 Bxa4 34. Qxa4 Bxg5 35. Qc6 h5 36. Nf3 Bc1 37. Nxe5 Bxb2 38. Qe8+
Kg7 39. Qxf7+ Kh6 40. Qxg6# 1-0

[Event "83rd ESP-ch Women-ch 2018"]
[Site "Linares"]
[Date "2018.08.20"]
[Round "1"]
[White "Lianes Garcia, Marcos"]
[Black "Amoros Moran, Jose Joaquin"]
[Result "1-0"]
[WhiteElo "2340"]
[BlackElo "1908"]
[ECO "B53"]
[Opening "Sicilian, Chekhover variation"]
[TimeControl "40/5400+30:1800+30"]
[Annotator "ChessBase"]
[EventDate "2018.08.09"]
[PlyCount "77"]
[EventType "tourn"]
[EventCountry "ESP"]

1. e4 c5 2. Nf3 d6 3. d4 cxd4 4. Qxd4 Nc6 5. Qe3 Nf6 6. Be2 g6 7. h3 Bg7 8.
O-O O-O 9. Rd1 Qa5 10. c4 Nd7 11. Nc3 Nde5 12. Nd2 Qc5 13. Nb3 Qxe3 14.
Bxe3 Be6 15. Nd5 b6 16. f4 Nd7 17. Nc7 Rac8 18. Nxe6 fxe6 19. e5 Nc5 20.
Nxc5 bxc5 21. Bg4 Rb8 22. Bxe6+ Kh8 23. Rd2 Nd4 24. Bxd4 cxd4 25. exd6 exd6
26. Rf1 h5 27. g4 Rbe8 28. f5 Bh6 29. Rd3 a5 30. Kg2 Bg7 31. b3 h4 32. Rfd1
gxf5 33. gxf5 Rb8 34. Kf3 Rbe8 35. Ke4 Re7 36. Rxd4 Bxd4 37. Rxd4 Rb8 38.
Kd5 a4 39. Ke4 1-0

[Event "83rd ESP-ch Women-ch 2018"]
[Site "Linares"]
[Date "2018.08.20"]
[Round "1"]
[White "Castellanos Gomez, Alejandro"]
[Black "Badillo Ramos, Steve"]
[Result "1-0"]
[WhiteElo "2320"]
[BlackElo "1901"]
[ECO "A46"]
[Opening "Queen's pawn game"]
[TimeControl "40/5400+30:1800+30"]
[Annotator "NA"]
[EventDate "2018.08.09"]
[PlyCount "123"]
[EventType "tourn"]
[EventCountry "ESP"]

1. d4 Nf6 2. Nf3 e6 3. Bf4 d5 4. e3 c5 5. c3 Nc6 6. Nbd2 Bd6 7. Bg3 O-O 8.
Bd3 Qe7 9. Ne5 Nd7 10. Nxd7 Bxd7 11. Bxd6 Qxd6 12. dxc5 Qxc5 13. Bxh7+ Kxh7
14. Qh5+ Kg8 15. Ne4 Qb5 16. Ng5 Rfd8 17. Qxf7+ Kh8 18. Qh5+ Kg8 19. Qh7+
Kf8 20. Qh8+ Ke7 21. Qxg7+ Kd6 22. Nf7+ Kc7 23. Nxd8 Rxd8 24. h4 e5 25. h5
Qxb2 26. O-O Qe2 27. h6 Qg4 28. Qxg4 Bxg4 29. f3 Be6 30. Kf2 e4 31. Rh1 Rh8
32. Rh4 Rh7 33. Rah1 Ne5 34. Rh5 Kd6 35. Rg5 Nf7 36. Rg7 Rxh6 37. Rxh6 Nxh6
38. Rxb7 exf3 39. gxf3 Nf7 40. Rxa7 Ne5 41. Ra6+ Ke7 42. Ra8 Bd7 43. Ra6
Nd3+ 44. Kg3 Nc5 45. Rh6 Na4 46. Kf4 Nxc3 47. Ke5 Be8 48. a3 Ba4 49. Rh7+
Kf8 50. Rc7 Nd1 51. Kd4 Bb3 52. Rb7 Bc2 53. Rb5 Ba4 54. Rxd5 Bc6 55. Rd6
Bb7 56. e4 Ke7 57. Rb6 Bc8 58. a4 Kd7 59. a5 Kc7 60. Rb1 Nf2 61. Ke3 Nh3
62. f4 1-0

[Event "83rd ESP-ch Women-ch 2018"]
[Site "Linares"]
[Date "2018.08.20"]
[Round "1"]
[White "Domingo Nunez, Ruben"]
[Black "Maranon Canton, Antonio"]
[Result "1-0"]
[WhiteElo "2318"]
[BlackElo "1868"]
[ECO "B30"]
[Opening "Sicilian"]
[Variation "Nimzovich-Rossolimo attack (without ...d6)"]
[TimeControl "40/5400+30:1800+30"]
[Annotator "NA"]
[EventDate "2018.08.09"]
[PlyCount "51"]
[EventType "tourn"]
[EventCountry "ESP"]

1. e4 c5 2. Nf3 Nc6 3. Bb5 Na5 4. Be2 Nf6 5. e5 Nd5 6. d4 cxd4 7. Qxd4 e6
8. c4 Qc7 9. O-O Nc6 10. Qe4 f5 11. Qh4 Nde7 12. Nc3 a6 13. Qh5+ g6 14. Qh4
Nxe5 15. Bg5 Nxf3+ 16. Bxf3 h6 17. Bf6 Rh7 18. Rfe1 d6 19. Rac1 Rb8 20. c5
Qxc5 21. Ne4 Qb6 22. Bd4 fxe4 23. Bxb6 exf3 24. Qg3 g5 25. Qxd6 Nc6 26.
Qxb8 1-0

[Event "83rd ESP-ch Women-ch 2018"]
[Site "Linares"]
[Date "2018.08.20"]
[Round "1"]
[White "Balbuena Fuentes, Mario"]
[Black "Ucles Lirola, Moises"]
[Result "1-0"]
[WhiteElo "2306"]
[BlackElo "1858"]
[ECO "B47"]
[Opening "Sicilian"]
[Variation "Taimanov (Bastrikov) variation"]
[TimeControl "40/5400+30:1800+30"]
[Annotator "NA"]
[EventDate "2018.08.09"]
[PlyCount "65"]
[EventType "tourn"]
[EventCountry "ESP"]

1. e4 c5 2. Nf3 Nc6 3. Nc3 e6 4. d4 cxd4 5. Nxd4 Qc7 6. f4 Bb4 7. Nxc6 Qxc6
8. Qd4 Bxc3+ 9. bxc3 Nf6 10. Bd3 d5 11. e5 Ne4 12. Bxe4 dxe4 13. Ba3 b6 14.
O-O-O Bb7 15. f5 Qd5 16. Qb4 Qc5 17. Qb3 Qxe5 18. Qa4+ b5 19. Qb4 exf5 20.
Rd5 Bxd5 21. Qxb5+ Kd8 22. Rd1 Qf4+ 23. Rd2 Qxd2+ 24. Kxd2 e3+ 25. Ke2 Be4
26. Qe5 Re8 27. Qxg7 Bxc2 28. Qf6+ Kc7 29. Qd6+ Kb7 30. Qd5+ Kc7 31. Bd6+
Kb6 32. Qc5+ Ka6 33. Qc6+ 1-0

[Event "83rd ESP-ch Women-ch 2018"]
[Site "Linares"]
[Date "2018.08.20"]
[Round "1"]
[White "Galiana Fernandez, Adrian"]
[Black "Rascon Jato, Daniel"]
[Result "1-0"]
[WhiteElo "2291"]
[BlackElo "1849"]
[ECO "E21"]
[Opening "Nimzo-Indian"]
[Variation "three knights variation"]
[TimeControl "40/5400+30:1800+30"]
[Annotator "NA"]
[EventDate "2018.08.09"]
[PlyCount "79"]
[EventType "tourn"]
[EventCountry "ESP"]

1. d4 e6 2. c4 Nf6 3. Nc3 Bb4 4. Nf3 h6 5. Qc2 O-O 6. a3 Bxc3+ 7. Qxc3 d6
8. b4 Nbd7 9. Bb2 Re8 10. Rd1 Qe7 11. e3 Ne4 12. Qb3 f5 13. Bd3 Ndf6 14.
O-O g5 15. Ne1 g4 16. f3 Ng5 17. c5 d5 18. Kh1 c6 19. Bb1 h5 20. Bc1 h4 21.
e4 Nh5 22. fxg4 fxg4 23. Qe3 Nxe4 24. Bxe4 dxe4 25. Qxe4 Qg7 26. Nd3 Bd7
27. Ne5 Rf8 28. Nxd7 Qxd7 29. Qxg4+ Ng7 30. Bh6 Rf7 31. Rxf7 Qxf7 32. Bxg7
Qxg7 33. Qxe6+ Kh8 34. d5 cxd5 35. Qxd5 Rf8 36. Qh5+ Kg8 37. Qxh4 Qd7 38.
Qg5+ Kh8 39. Qh6+ Kg8 40. Qxf8+ 1-0

[Event "83rd ESP-ch Women-ch 2018"]
[Site "Linares"]
[Date "2018.08.20"]
[Round "1"]
[White "Moral Garcia, Serafin"]
[Black "Gomez Fernandez, Alfredo"]
[Result "1-0"]
[WhiteElo "2287"]
[BlackElo "1827"]
[ECO "C66"]
[Opening "Ruy Lopez"]
[Variation "Berlin defence, Tarrasch trap"]
[TimeControl "40/5400+30:1800+30"]
[Annotator "NA"]
[EventDate "2018.08.09"]
[PlyCount "129"]
[EventType "tourn"]
[EventCountry "ESP"]

1. e4 e5 2. Nf3 Nc6 3. Bb5 Nf6 4. O-O d6 5. Re1 Bd7 6. Nc3 Be7 7. d4 O-O 8.
Bxc6 Bxc6 9. dxe5 dxe5 10. Qxd8 Raxd8 11. Nxe5 Bxe4 12. Nxe4 Nxe4 13. Nd3
f5 14. f3 Bc5+ 15. Nxc5 Nxc5 16. Bg5 Rd5 17. Be7 Na6 18. Bxf8 Kxf8 19. Rad1
Rb5 20. b3 Rc5 21. c4 Nb4 22. a4 f4 23. Rd7 Na6 24. Rd8+ Kf7 25. Ra8 Rc6
26. Re5 Kf6 27. Rb5 b6 28. Rxa7 Nc5 29. h3 Ne6 30. Rd5 Nc5 31. Ra8 Ke7 32.
Rd4 Nxb3 33. Rxf4 Nc5 34. Rg8 Ne6 35. Re4 Kf7 36. Ra8 h6 37. a5 bxa5 38.
Rxa5 Kf6 39. Rd5 g6 40. h4 h5 41. Kh2 Ra6 42. Rde5 Rb6 43. Kg3 Ng7 44. Rc5
c6 45. Ra5 Nf5+ 46. Kh2 Rb7 47. c5 Rc7 48. Ra8 Kf7 49. Kh3 Kg7 50. g4 hxg4+
51. fxg4 Ne7 52. g5 Kf7 53. Kg4 Kg7 54. Re8 Nd5 55. R8e6 Kf7 56. Rd6 Ne7
57. Rf6+ Kg7 58. Ree6 Ra7 59. Rxe7+ Rxe7 60. Rxc6 Re4+ 61. Kg3 Re3+ 62. Kf4
Rh3 63. Rc7+ Kg8 64. Ke5 Rf3 65. c6 1-0

[Event "83rd ESP-ch Women-ch 2018"]
[Site "Linares"]
[Date "2018.08.20"]
[Round "1"]
[White "Jimenez Bernal, Francisco"]
[Black "Mohamed Garcia, Ismael"]
[Result "1-0"]
[WhiteElo "2250"]
[BlackElo "1814"]
[ECO "D46"]
[Opening "QGD semi-Slav"]
[Variation "Chigorin defence"]
[TimeControl "40/5400+30:1800+30"]
[Annotator "NA"]
[EventDate "2018.08.09"]
[PlyCount "62"]
[EventType "tourn"]
[EventCountry "ESP"]

1. Nf3 c6 2. c4 d5 3. d4 Nf6 4. Nc3 e6 5. e3 Bd6 6. Bd3 Nbd7 7. O-O O-O 8.
e4 dxe4 9. Nxe4 Nxe4 10. Bxe4 Nf6 11. Bc2 h6 12. b3 Qc7 13. Bb2 Rd8 14. Re1
Be7 15. Qd3 b6 16. Rad1 Bb7 17. Ne5 Kf8 18. Qh3 Bd6 19. c5 Bxe5 20. dxe5
Rxd1 21. Rxd1 Nd5 22. Qd3 g6 23. Qh3 Kg7 24. Re1 bxc5 25. Bc1 Rh8 26. Bd2
a5 27. Qh4 Qd8 28. Bxh6+ Kh7 29. Bg5+ Kg8 30. Qxh8+ Kxh8 31. Bxd8 Kg8 1-0

[Event "83rd ESP-ch Women-ch 2018"]
[Site "Linares"]
[Date "2018.08.20"]
[Round "1"]
[White "Tudela Corbalan, Carlos"]
[Black "Ramirez Gonzalez, Maria Jose"]
[Result "1-0"]
[WhiteElo "2246"]
[BlackElo "1851"]
[ECO "A16"]
[Opening "English opening"]
[TimeControl "40/5400+30:1800+30"]
[Annotator "NA"]
[EventDate "2018.08.09"]
[PlyCount "73"]
[EventType "tourn"]
[EventCountry "ESP"]

1. c4 Nf6 2. Nc3 g6 3. g3 Bg7 4. Bg2 O-O 5. d3 d6 6. Nf3 e5 7. O-O c6 8.
Rb1 a5 9. a3 Nh5 10. b4 axb4 11. axb4 f5 12. Qb3 f4 13. b5 c5 14. Nd2 Ra7
15. b6 Ra6 16. Nd5 Nc6 17. Nc7 Nd4 18. Qd1 Ra2 19. e3 fxe3 20. fxe3 Rxf1+
21. Qxf1 Nf5 22. Qf3 Kh8 23. Nf1 Bh6 24. Bb2 Bd7 25. e4 Nd4 26. Bxd4 cxd4
27. Re1 Nf6 28. h3 Rb2 29. Ra1 Kg7 30. Na8 Bc6 31. g4 Bf4 32. Ng3 Be3+ 33.
Kh1 Rf2 34. Qd1 Rd2 35. Qf1 Nxg4 36. Nc7 Qh4 37. Ne6+ 1-0

[Event "83rd ESP-ch Women-ch 2018"]
[Site "Linares"]
[Date "2018.08.20"]
[Round "1"]
[White "Perez Perez, Gabriel"]
[Black "Del Rio de Angelis, Salvador Gabriel"]
[Result "0-1"]
[WhiteElo "2058"]
[BlackElo "2525"]
[ECO "D31"]
[Opening "QGD"]
[Variation "Charousek (Petrosian) variation"]
[TimeControl "40/5400+30:1800+30"]
[Annotator "ChessBase"]
[EventDate "2018.08.09"]
[PlyCount "79"]
[EventType "tourn"]
[EventCountry "ESP"]

1. d4 d5 2. c4 e6 3. Nc3 Be7 4. Nf3 Nf6 5. cxd5 exd5 6. Bg5 c6 7. e3 Bf5 8.
Bd3 Bxd3 9. Qxd3 Nbd7 10. O-O O-O 11. Bh4 Re8 12. Rfe1 Nb6 13. e4 Nxe4 14.
Nxe4 dxe4 15. Rxe4 Bxh4 16. Nxh4 Rxe4 17. Qxe4 Qd5 18. Re1 Qxe4 19. Rxe4
Kf8 20. Kf1 Rd8 21. Nf3 f6 22. Ke1 Rd5 23. Kd1 Ra5 24. a3 Rb5 25. Re2 g5
26. h3 Nc4 27. Kc1 Kf7 28. Rc2 Nd6 29. Kd2 Rb3 30. Ke2 Nf5 31. Rd2 Ke7 32.
Kd1 Rb5 33. Kc2 h5 34. Kd3 a5 35. Rc2 Rb3+ 36. Kc4 a4 37. Kc5 Kd7 38. d5
b6+ 39. Kc4 Nd6+ 40. Kd4 0-1

[Event "83rd ESP-ch Women-ch 2018"]
[Site "Linares"]
[Date "2018.08.20"]
[Round "1"]
[White "Cruz Ramirez, Nauzet"]
[Black "Asis Gargatagli, Hipolito"]
[Result "0-1"]
[WhiteElo "2037"]
[BlackElo "2515"]
[ECO "A05"]
[Opening "Reti"]
[Variation "King's Indian attack"]
[TimeControl "40/5400+30:1800+30"]
[Annotator "ChessBase"]
[EventDate "2018.08.09"]
[PlyCount "78"]
[EventType "tourn"]
[EventCountry "ESP"]

1. Nf3 Nf6 2. g3 g6 3. b3 Bg7 4. Bb2 b6 5. d3 d5 6. Nbd2 c5 7. Bg2 Bb7 8.
c4 e6 9. O-O O-O 10. e3 Qe7 11. Qe2 Rd8 12. Rfd1 Nbd7 13. Rac1 e5 14. cxd5
Nxd5 15. Nc4 f6 16. Qe1 Nf8 17. a3 Ne6 18. h4 Rac8 19. g4 b5 20. Ncd2 Nef4
21. Bf1 Qd7 22. Nh2 Ne6 23. Ndf3 Qe7 24. Bh3 Rf8 25. Qf1 Rcd8 26. Qg2 Ndf4
27. exf4 Nxf4 28. Qf1 Qe6 29. Rc3 e4 30. Re1 f5 31. dxe4 Bxc3 32. Bxc3 fxe4
33. Nd2 Rd3 34. Re3 Qd5 35. g5 Rxc3 36. Rxc3 e3 37. Ndf3 e2 38. Qe1 Nxh3+
39. Kh1 Qd1 0-1

[Event "83rd ESP-ch Women-ch 2018"]
[Site "Linares"]
[Date "2018.08.20"]
[Round "1"]
[White "Nunez, Daniela Alejandra"]
[Black "Gonzalez Guedes, Iyan"]
[Result "1-0"]
[WhiteElo "2021"]
[BlackElo "1925"]
[ECO "B51"]
[Opening "Sicilian"]
[Variation "Canal-Sokolsky (Nimzovich-Rossolimo, Moscow) attack"]
[TimeControl "40/5400+30:1800+30"]
[Annotator "NA"]
[EventDate "2018.08.09"]
[PlyCount "55"]
[EventType "tourn"]
[EventCountry "ESP"]

1. e4 c5 2. Nf3 d6 3. Bb5+ Nd7 4. d4 cxd4 5. Qxd4 a6 6. Bxd7+ Bxd7 7. c4
Rc8 8. Nc3 e5 9. Qd3 h6 10. O-O Nf6 11. b3 Be7 12. a4 O-O 13. Ba3 Qb6 14.
Nxe5 Be6 15. Nd5 Nxd5 16. exd5 Bf6 17. dxe6 Bxe5 18. Rae1 fxe6 19. c5 Qa7
20. Qe3 Rcd8 21. Rd1 Bf4 22. Qxe6+ Kh8 23. g3 Be5 24. cxd6 Bd4 25. Rd2 Rde8
26. Qc4 Re4 27. Qd3 Re1 28. Qxd4 1-0

[Event "83rd ESP-ch Women-ch 2018"]
[Site "Linares"]
[Date "2018.08.20"]
[Round "1"]
[White "Pablos Tenrero, Raquel"]
[Black "Cuenca Jimenez, Jose Fernando"]
[Result "0-1"]
[WhiteElo "2015"]
[BlackElo "2506"]
[ECO "A40"]
[Opening "Queen's pawn"]
[TimeControl "40/5400+30:1800+30"]
[Annotator "ChessBase"]
[EventDate "2018.08.09"]
[PlyCount "70"]
[EventType "tourn"]
[EventCountry "ESP"]

1. d4 e6 2. Nc3 d5 3. Bf4 Nf6 4. e3 Bb4 5. Bd3 c5 6. dxc5 Nbd7 7. Nf3 Nxc5
8. O-O Bxc3 9. bxc3 O-O 10. c4 b6 11. Qe2 Bb7 12. Rad1 Qe7 13. Be5 Rfd8 14.
cxd5 Bxd5 15. Bc4 Bxc4 16. Qxc4 Rac8 17. Qh4 Ncd7 18. Bd6 Qe8 19. Nd4 Rc4
20. f4 Nf8 21. Ba3 Nd5 22. Bc1 Ng6 23. Qf2 Nge7 24. Rd3 Nb4 25. Ra3 a5 26.
c3 Nbd5 27. Bd2 Rdc8 28. Rc1 Nf5 29. Nf3 f6 30. Qe2 Nd6 31. Qd3 a4 32. Nd4
f5 33. Be1 Rxd4 34. exd4 Nc4 35. g3 b5 0-1